 Dungeon Crawl Stone Soup version 0.29.0-4-gdea44cf6ec (webtiles) character file.

Game seed: 1788105719973754235

11 GigaChad the Insei (level 2, -1/21 HPs)
             Began as a Human Transmuter on Aug 26, 2022.
             Was a Follower of Fedhas.
             Slain by a jackal (3 damage)
             ... on level 2 of the Dungeon.
             The game lasted 00:03:12 (900 turns).

GigaChad the Insei (Human Transmuter)                Turns: 900, Time: 00:03:13

Health: -1/21      AC:  8    Str: 10    XL:     2   Next: 40%
Magic:  5/5        EV:  4    Int: 13    God:    Fedhas [*.....]
Gold:   86         SH:  0    Dex: 13    Spells: 4/5 levels left

rFire   . . .      SeeInvis .   c - +0 short sword
rCold   . . .      Faith    .   (no shield)
rNeg    . . .      Spirit   .   h - +0 chain mail
rPois   .          Reflect  .   (no helmet)
rElec   .          Harm     .   (no cloak)
rCorr   .          Rampage  .   (no gloves)
Will    .....                   (no boots)
Stlth   ..........              (no amulet)
HPRegen 0.07/turn               (no ring)
MPRegen 0.09/turn               (no ring)

@: no status effects
A: no striking features
a: Renounce Religion


You were on level 2 of the Dungeon.
You worshipped Fedhas.
Fedhas was aware of your devotion.
You visited 1 branch of the dungeon, and saw 2 of its levels.

You collected 86 gold pieces.

Inventory:

Hand Weapons
 c - a +0 short sword (weapon)
Armour
 a - a +0 robe
 h - a +0 chain mail (worn)
Scrolls
 f - 2 scrolls of magic mapping
 g - a scroll of teleportation {unknown}
Potions
 b - a potion of lignification
 d - a potion of attraction
 e - 2 potions of mutation {unknown}
 i - a potion of flight {unknown}


   Skills:
 + Level 1.0 Fighting
 + Level 2.0 Dodging
 + Level 3.4 Unarmed Combat
 + Level 2.1 Spellcasting
 + Level 2.1 Transmutations


You had 4 spell levels left.
You knew the following spells:

 Your Spells              Type           Power      Damage    Failure   Level
a - Beastly Appendage     Tmut           12%        N/A       100%        1

Your spell library contained the following spells:

 Spells                   Type           Power      Damage    Failure   Level
 Wereblood                Tmut           6%         N/A       100%        2
 Spider Form              Tmut/Pois      4%         N/A       100%        3
 Ice Form                 Ice/Tmut       4%         N/A       100%        4


Dungeon Overview and Level Annotations

Branches:
Dungeon (2/15)

Altars:
Fedhas


Message History

The endoplasm attacks as you move away! The endoplasm hits you.
The jackal bites you.
You hit the endoplasm.
The endoplasm is almost dead.
The endoplasm freezes you.
You are frozen.
The jackal bites you but does no damage.
The jackal barely misses you.
You hit the endoplasm.
You kill the endoplasm!
Fedhas accepts your kill. The jackal barely misses you. The jackal bites you.
* * * LOW HITPOINT WARNING * * *
The jackal bites you but does no damage.
The jackal bites you but does no damage. x3
The jackal bites you but does no damage. x2
The jackal bites you but does no damage. x2
The jackal barely misses you.
You miss the jackal.
The jackal is moderately wounded.
The jackal bites you but does no damage. x3
You hit the jackal.
The jackal is heavily wounded.
The jackal bites you but does no damage. x2
The jackal barely misses you.
You hit the jackal.
The jackal is almost dead.
The jackal bites you but does no damage. x3
You closely miss the jackal.
The jackal is almost dead.
The jackal bites you but does no damage.
The jackal bites you.
* * * LOW HITPOINT WARNING * * *
The jackal barely misses you.
You hit the jackal but do no damage.
The jackal is almost dead.
The jackal bites you but does no damage. x2
The jackal bites you.
You die...
Fedhas appreciates your contribution to the ecosystem.

#.......# #.#
#.#.###### ..#######
#.####...# ...#
###..#....##
##.######........##
........#.......##
###.###.........####
#..####..........#####
###..........#hh#......
##....#########.@..###.
#..##.# #..##.....#
..###.# #(#. ?##### ###
#.# #. .# . #.. #. ## .
### .. .. .# .... ###
...


You could see 2 jackals.

Vanquished Creatures
  3 endoplasms
  3 ball pythons
  A bat (D:2)
  A frilled lizard (D:1)
  2 goblins (D:1)
  A kobold (D:1)
  2 rats
13 creatures vanquished.

Notes
Turn   | Place    | Note
-------+----------+-------------------------------------------
     0 | D:1      | GigaChad the Human Transmuter began the quest for the Orb.
     0 | D:1      | Reached XP level 1. HP: 15/15 MP: 3/3
   205 | D:1      | Reached XP level 2. HP: 19/21 MP: 5/5
   447 | D:2      | Noticed a golden eye
   448 | D:2      | Found a faded altar of an unknown god.
   459 | D:2      | Noticed an eye of devastation
   465 | D:2      | Noticed a shining eye
   465 | D:2      | Noticed a floating eye
   470 | D:2      | Prayed at the altar of an unknown god.
   470 | D:2      | Became a worshipper of Fedhas Madash
   470 | D:2      | Reached * piety under Fedhas
   900 | D:2      | Slain by a jackal

Illustrated notes

Levels and vault maps discovered:
D:1:      lemuel_arrival_room, layout_rooms, minmay_misc_feat_doors,
          chequers_hall_statues_wall_a, st_stairs_9
D:2:      layout_rooms, hellmonk_ecumenical_altar_watching_god

Action                   || total
-------------------------++-------
Melee: Short sword       ||    50
       Unarmed           ||     8
       Kick              ||     1
       Headbutt          ||     1
 Cast: Beastly Appendage ||     1
  Use: Scroll            ||     5
Armor: Robe              ||    17
       Chain mail        ||    34
Dodge: Dodged            ||    46
